 Dungeon Crawl Stone Soup version 0.22-a0-553-g9358b0b (webtiles) character file.

74 Azzur the Sneak (level 4, -3/30 HPs)
             Began as an Octopode Assassin on June 25, 2018.
             Was an Initiate of Ru.
             Slain by a gnoll
             ... wielding a +0 whip
              (5 damage)
             ... on level 2 of the Dungeon.
             The game lasted 00:06:17 (1495 turns).

Azzur the Sneak (Octopode Assassin)                 Turns: 1495, Time: 00:06:18

Health: -3/30      AC:  1    Str: 10    XL:     4   Next: 30%
Magic:  4/4        EV: 13    Int: 13    God:    Ru [......]
Gold:   59         SH:  0    Dex: 14    Spells: 3/3 levels left

rFire    . . .     SeeInvis .   i - -2 whip (curse)
rCold    . . .     Gourm    .   (no shield)
rNeg     . . .     Faith    +   (helmet restricted)
rPois    .         Spirit   .   h - amulet of faith
rElec    .         Reflect  .   (no ring)
rCorr    .         Harm     .   (no ring)
MR       .....                  (no ring)
Stlth    ++++......             (no ring)
HPRegen  0.10/turn              (no ring)
MPRegen  0.09/turn              (no ring)
                                (no ring)
                                (no ring)

@: no status effects
A: almost no armour, stealthy swim, amphibious, 8 rings, constrict 8, camouflage
1, gelatinous body 1
a: Renounce Religion


You were on level 2 of the Dungeon.
You worshipped Ru.
Ru was noncommittal.
You were not hungry.

You visited 1 branch of the dungeon, and saw 2 of its levels.

You collected 59 gold pieces.

Inventory:

Hand Weapons
 a - a +2 dagger
 b - a +0 blowgun
 e - a +0 dagger
 i - a cursed -2 whip (weapon)
Missiles
 c - 8 poisoned needles
 d - 2 curare-tipped needles
Jewellery
 h - an amulet of faith (around mantle)
Potions
 g - a potion of lignification {unknown}
 k - a potion of haste {unknown}
 l - a potion of brilliance {unknown}
Comestibles
 f - 4 rations
 j - 2 chunks of flesh


   Skills:
 + Level 2.3 Fighting
 + Level 2.3 Short Blades
 + Level 1.0 Maces & Flails
 + Level 2.1 Throwing
 + Level 1.2 Dodging
 + Level 6.8 Stealth


You had 3 spell levels left.
You didn't know any spells.
Your spell library was empty.

Dungeon Overview and Level Annotations

Branches:
Dungeon (2/15)

Altars:
Ru


Innate Abilities, Weirdness & Mutations

You cannot wear most types of armour.
You are very stealthy in the water. (Stealth+)
You are amphibious.
You can wear up to eight rings at the same time.
You can use your tentacles to constrict eight enemies at once.
Your skin changes colour to match your surroundings (Stealth+).
Your rubbery body absorbs attacks. (AC +1, EV +1)


Message History

You hit the gnoll but do no damage.
The gnoll is severely wounded.
You constrict the gnoll. The gnoll misses you.
You hit the gnoll.
You kill the gnoll!
Your Maces & Flails skill increases to level 1!
A hobgoblin comes into view.
You barely miss the goblin. You grab the goblin. You constrict the goblin.
The gnoll hits you from afar with a spear.
The goblin barely misses you.
You hit the goblin but do no damage.
The goblin is heavily wounded.
You constrict the goblin.
You kill the goblin!
The gnoll misses you.
You closely miss the gnoll. You grab the gnoll. You constrict the gnoll.
The gnoll hits you from afar with a spear!
* * * LOW HITPOINT WARNING * * *
The gnoll hits you with a whip.
You die...

#.# #.# #.. .... #.#
#..> .... #####.#####
#... ... #.....)...#
#... ..# #.###.###.#
#..# ..## #.# #.# #.#
#..# ... #.# #.#
#.####..##g##.# #.#
#.###.#.##..@gg...# #.#
#........##.##g#### #)#
#####.#........# #.#
#..#.##........
#.#######.#.###########
#.........###
###########


You could see 3 gnolls and a hobgoblin.

Vanquished Creatures
  A gnoll (D:2)
  2 adders (D:2)
  A worm (D:2)
  2 dart slugs
  2 leopard geckos
  A ball python (D:2)
  5 bats (D:1)
  A bat skeleton (D:2)
  A giant cockroach (D:1)
  5 goblins
  7 hobgoblins
  A quokka (D:2)
  2 frilled lizards
  2 kobolds (D:1)
  A rat (D:1)
34 creatures vanquished.

Notes
Turn   | Place    | Note
-------+----------+-------------------------------------------
     0 | D:1      | Azzur the Octopode Assassin began the quest for the Orb.
     0 | D:1      | Reached XP level 1. HP: 14/14 MP: 1/1
    91 | D:1      | Reached XP level 2. HP: 3/19 MP: 2/2
   366 | D:1      | Reached skill level 6 in Stealth
   851 | D:1      | Reached XP level 3. HP: 21/24 MP: 3/3
  1341 | D:2      | Found a sacrificial altar of Ru.
  1346 | D:2      | Became a worshipper of Ru the Awakened
  1350 | D:2      | Reached XP level 4. HP: 29/29 MP: 4/4
  1492 | D:2      | Reached skill level 1 in Maces & Flails
  1495 | D:2      | Slain by a gnoll

Vault maps used:
D:1:      nagdon_arrival_double_spiral
D:2:      nicolae_qazlal_eye_of_the_storm, nicolae_ru_awakened_eye,
          minmay_ruptured, uniq_natasha

Skill      XL: |  1  2  3  4 |
---------------+-------------+-----
Stealth        | 6 |  6.8
Maces & Flails | 1 |  1.0
Fighting       | |  2.3
Short Blades   | |  2.3
Throwing       | |  2.1
Dodging        | |  1.2

Action                   |  1- 3 |  4- 6 || total
-------------------------+-------+-------++-------
Melee: Dagger            |    23 |       ||    23
       Constrict         |    18 |     6 ||    24
       Tentacles         |    14 |     2 ||    16
       Whip              |    46 |    17 ||    63
  Use: Scroll            |     2 |       ||     2
 Stab: Sleeping          |     4 |     2 ||     6
       Distracted        |     1 |       ||     1
  Eat: Chunk             |     1 |     1 ||     2
Armor: Skin              |     6 |       ||     6
Dodge: Dodged            |    51 |    11 ||    62

Table legend:
 A = Spawn XP
 B = Non-spawn XP
 C = Spawn XP percentage of total XP
 D = Spawn monster count
 E = Non-spawn monster count
 F = Spawn count percentage of total count
 G = Total turns spent on level
                    A         B        C        D         E        F      G
               +---------+---------+-------+---------+---------+-------+---------
         Total |       0 |     107 |   0.0 |       0 |      34 |   0.0 |  1495
               +---------+---------+-------+---------+---------+-------+---------
           D:1 |       0 |      37 |   0.0 |       0 |      19 |   0.0 |   989
           D:2 |       0 |      70 |   0.0 |       0 |      15 |   0.0 |   506
               +---------+---------+-------+---------+---------+-------+---------
